 Dungeon Crawl Stone Soup version 0.27.0-66-gdc8fb28755 (webtiles) character file.

Game seed: 17779297618520234850

201 nicksoapdish the Changer (level 6, -7/46 HPs)
             Began as a Human Transmuter on Aug 20, 2021.
             Succumbed to a water moccasin's poison
             ... on level 4 of the Dungeon.
             The game lasted 00:06:46 (3330 turns).

nicksoapdish the Changer (Human Transmuter)         Turns: 3330, Time: 00:06:47

Health: -7/46      AC:  3    Str: 13    XL:     6   Next: 7%
Magic:  7/10       EV: 12    Int: 13    God:
Gold:   99         SH:  0    Dex: 13    Spells: 5/11 levels left

rFire    . . .     SeeInvis .   a - +3 short sword (vamp)
rCold    . . .     Faith    .   (no shield)
rNeg     . . .     Spirit   .   g - +0 robe
rPois    .         Reflect  .   (helmet currently unavailable)
rElec    .         Harm     .   j - +0 cloak
rCorr    .         Rampage  .   (no gloves)
Will     .....                  (boots currently unavailable)
Stlth    ++........             k - amulet of regeneration
HPRegen  1.15/turn              (no ring)
MPRegen  0.12/turn              (no ring)

@: lethally poisoned (-7 -> -36), appendages, wereblooded
A: horns 2, talons 2
a: End Transformation


You were on level 4 of the Dungeon.
You had temporarily grown beastly horns and talons.
You visited 1 branch of the dungeon, and saw 4 of its levels.

You collected 99 gold pieces.

Inventory:

Hand Weapons
 a - a +3 vampiric short sword (weapon)
Armour
 g - a +0 robe (worn)
 j - a +0 cloak (worn)
Jewellery
 k - an amulet of regeneration (around neck)
Scrolls
 e - a scroll of brand weapon {unknown}
 f - 2 scrolls of noise {unknown}
 h - a scroll of teleportation {unknown}
 i - a scroll of enchant weapon
Potions
 b - a potion of heal wounds
 c - a potion of attraction
 d - a potion of invisibility


   Skills:
 * Level 2.5 Fighting
 + Level 1.8 Short Blades
 - Level 2.0 Dodging
 - Level 0.8 Stealth
 - Level 3.0 Unarmed Combat
 + Level 3.2 Spellcasting
 * Level 3.6 Transmutations


You had 5 spell levels left.
You knew the following spells:

 Your Spells              Type           Power      Damage    Failure   Level
a - Beastly Appendage     Tmut           22%        N/A       4%          1
b - Wereblood             Tmut           11%        N/A       8%          2
c - Spider Form           Tmut/Pois      3%         N/A       32%         3

Your spell library contained the following spells:

 Spells                   Type           Power      Damage    Failure   Level
 Animate Skeleton         Necr           4%         N/A       22%         1
 Apportation              Tloc           4%         N/A       22%         1
 Corona                   Hex            2%         N/A       22%         1
 Summon Small Mammal      Summ           8%         N/A       22%         1
 Dazzling Flash           Conj/Hex       4%         N/A       56%         3
 Inner Flame              Hex/Fire       2%         N/A       56%         3
 Ice Form                 Ice/Tmut       6%         N/A       71%         4
 Cause Fear               Hex            1%         N/A       92%         4
 Iskenderun's Mystic Bla  Conj/Tloc      2%         2d3       92%         4
 Starburst                Conj/Fire      1%         6d3       100%        6
 Discord                  Hex            1%         N/A       100%        8


Dungeon Overview and Level Annotations

Branches:
Dungeon (4/15)
 Temple: D:4-7

Altars:
Dithmenos
Nemelex Xobeh
Okawaru
Ru
Trog
Vehumet

Annotations:
D:4 Purgy


Innate Abilities, Weirdness & Mutations

You have temporarily grown beastly horns and talons.


Message History

The floor.
The water moccasin barely misses you.
Casting: Beastly Appendage (safe; 4% risk of failure)
Confirm with . or Enter, or press ? or * to list all spells.
You grow a pair of large bovine horns.
Your feet morph into talons.
The water moccasin bites you.
You are poisoned.
The water moccasin poisons you!
Casting: Beastly Appendage (safe; 4% risk of failure)
Confirm with . or Enter, or press ? or * to list all spells.
Your blood is infused with primal strength.
You feel very sick. The water moccasin bites you.
You are more poisoned.
The water moccasin poisons you! The water moccasin bites you.
You are more poisoned.
The water moccasin poisons you!
You closely miss the water moccasin. Your kick misses the water moccasin.
Your headbutt misses the water moccasin.
You feel extremely sick. The water moccasin bites you.
You are lethally poisoned!
The water moccasin poisons you!
You barely miss the water moccasin. Your kick misses the water moccasin.
Your headbutt misses the water moccasin.
* * * LOW HITPOINT WARNING * * *
You feel extremely sick. The water moccasin barely misses you.
The water moccasin bites you.
* * * LOW HITPOINT WARNING * * *
You are more poisoned.
The water moccasin poisons you!
You barely miss the water moccasin.
Your headbutt misses the water moccasin.
* * * LOW HITPOINT WARNING * * *
You feel extremely sick. The water moccasin barely misses you.
Unknown command.
You barely miss the water moccasin. You claw the water moccasin.
The water moccasin is lightly wounded.
You die...

.. ... #.#. #..# ...
#..#####..
....#....#
.........###
#.......###
###..T.....#
#..S@###...##.
#..### .T..
##.##..#.## ....
#....<....###.<...
#......#.##.....>...
#.##..#####........#
##. #........# #
#.........
..S.......


You could see Purgy and a water moccasin.

Vanquished Creatures
  An ogre (D:3)
  A hound skeleton (D:2)
  A gnoll (D:2)
  4 adders (D:2)
  A worm (D:2)
  2 dart slugs (D:3)
  An orc (D:3)
  A ball python (D:3)
  6 endoplasms
  2 giant cockroaches (D:2)
  5 goblins
  6 hobgoblins
  4 jackals (D:1)
  A quokka (D:2)
  7 bats
  3 frilled lizards (D:2)
  3 kobolds (D:1)
  3 rats
52 creatures vanquished.

Notes
Turn   | Place    | Note
-------+----------+-------------------------------------------
     0 | D:1      | nicksoapdish the Human Transmuter began the quest for the
                  | Orb.
     0 | D:1      | Reached XP level 1. HP: 15/15 MP: 3/3
   188 | D:1      | Reached XP level 2. HP: 21/21 MP: 3/5
   617 | D:1      | Reached XP level 3. HP: 27/27 MP: 6/6
   628 | D:1      | Learned a level 2 spell: Wereblood
   632 | D:1      | Learned a level 3 spell: Spider Form
  1616 | D:2      | Reached XP level 4. HP: 30/33 MP: 5/8
  2053 | D:2      | Found a radiant altar of Vehumet.
  2205 | D:2      | Reached skill level 1 in Short Blades
  2210 | D:2      | Reached XP level 5. HP: 38/38 MP: 6/9
  2461 | D:3      | Found an iron altar of Okawaru.
  2464 | D:3      | Noticed an ogre
  2486 | D:3      | Killed an ogre
  2487 | D:3      | Reached XP level 6. HP: 32/46 MP: 6/10
  2580 | D:3      | Found a faded altar of an unknown god.
  2580 | D:3      | Found a shadowy altar of Dithmenos.
  2593 | D:3      | Found a sparkling altar of Nemelex Xobeh.
  2611 | D:3      | Found a bloodstained altar of Trog.
  2613 | D:3      | Found a sacrificial altar of Ru.
  2822 | D:3      | Found a faded altar of an unknown god.
  3315 | D:4      | Noticed Purgy
  3315 | D:4      | Noticed a water moccasin
  3329 | D:4      | HP: 1/46 [poisoned by a water moccasin]
  3330 | D:4      | Succumbed to a water moccasin's poison

Illustrated notes

Levels and vault maps discovered:
D:1:      onia_arrival_pyramid, layout_rooms
D:2:      minmay_diamond_boxcup, layout_loops_ring, basic_altar
D:3:      layout_loops_ring, chequers_temple_overflow_minitemple,
          okawaru_metal_pillars_3, shapermc_ecumenical_altar_mp_ritualfount
D:4:      layout_cave_pools, serial_shops,
          nicolae_shop_temple_entry_statues_fountains,
          nicolae_underground_beach, uniq_eustachio, uniq_sigmund, uniq_purgy

Skill      XL: |  1  2  3  4  5 |
---------------+----------------+-----
Fighting       | 2 |  2.5
Transmutations | 3 |  3.6
Short Blades   | 1 |  1.8
Spellcasting   | 3 |  3.2
Dodging        | |  2.0
Stealth        | |  0.8
Unarmed Combat | |  3.0

Action                   |  1- 3 |  4- 6 || total
-------------------------+-------+-------++-------
Melee: Unarmed           |    39 |       ||    39
       Headbutt          |    13 |     9 ||    22
       Kick              |    12 |    19 ||    31
       Short sword       |    48 |    74 ||   122
 Cast: Beastly Appendage |    18 |    18 ||    36
       Wereblood         |       |     4 ||     4
  Use: Scroll            |     3 |     2 ||     5
 Stab: Sleeping          |       |     3 ||     3
Armor: Robe              |    21 |     6 ||    27
Dodge: Dodged            |    54 |    45 ||    99
